 Dungeon Sprint DCSS version 0.18.1-47-g9310371 (webtiles) character file.

449 rftp080 the Conjurer (level 6, -2/67 HPs)
             Began as a High Elf Air Elementalist on June 23, 2016.
             Was a Believer of Sif Muna.
             Slain by an unseen horror (4 damage)
             ... in the Dungeon (Sprint IX: "|||||||||||||||||||||||||||||").
             The game lasted 00:02:29 (292 turns).

rftp080 the Conjurer (High Elf Air Elementalist)     Turns: 292, Time: 00:02:29

Health: -2/67      AC:  8    Str: 15    XL:     6   Next: 74%
Magic:  1/16       EV: 16    Int: 22    God:    Sif Muna [**....]
Gold:   0          SH:  0    Dex: 18    Spells: 3 memorised, 12 levels left

rFire  . . .     SeeInvis .     o - +2 dire flail (protect)
rCold  . . .     Gourm    .     a - +0 robe
rNeg   . . .     Faith    .     (shield currently unavailable)
rPois  .         Spirit   .     r - +0 helmet
rElec  .         Dismiss  .     (no cloak)
rCorr  .         Reflect  .     (no gloves)
SustAt .         Harm     .     (no boots)
MR     .....     NoTele   +     (no amulet)
Stlth  ..........               u - +3 ring of dexterity
                                t - +3 ring of strength

@: berserking (expiring), repel missiles, very quick, not resistant to hostile
enchantments, extremely unstealthy
A: no striking features
a: Channel Energy, Renounce Religion


You were in the Dungeon.
You worshipped Sif Muna.
Sif Muna was pleased with you.
You were not hungry.

You visited 1 branch

Inventory:

Hand Weapons
 j - a +0 club
 o - a +2 dire flail of protection (weapon)
 p - a +2 halberd of protection
 q - the +2 scimitar "Umeytog" {freeze, MP+9}
   (You found it in the Dungeon)

   It has been specially enchanted to freeze those struck by it, causing extra
   injury to most foes and up to half again as much damage against particularly
   susceptible opponents.
   It can also slow down cold-blooded creatures.
   It affects your magic capacity (+9).
Armour
 a - a +0 robe (worn)
 r - a +0 helmet (worn)
 s - a +1 chain mail
Magical Staves
 n - an uncursed staff of energy
Jewellery
 t - a +3 ring of strength (left hand)
 u - a +3 ring of dexterity (right hand)
Wands
 m - a wand of lightning (7/15)
Scrolls
 i - 2 scrolls of blinking
 k - 3 scrolls of remove curse
 l - 2 scrolls of amnesia
Potions
 d - 4 potions of curing
 f - a potion of invisibility
 g - 3 potions of magic
Books
 b - a book of Air

   Spells                             Type                      Level
   a - Shock                          Conjuration/Air              1
   b - Swiftness                      Charms/Air                   2
   c - Repel Missiles                 Charms/Air                   2
   d - Static Discharge               Conjuration/Air              3
   e - Lightning Bolt                 Conjuration/Air              5
Comestibles
 c - a bread ration


   Skills:
 + Level 4.8 Fighting
 + Level 4.4 Armour
 + Level 6.0 Dodging
 - Level 2.1 Stealth
 + Level 6.0 Spellcasting
 * Level 7.9 Conjurations
 + Level 7.1 Air Magic
 * Level 5.7 Invocations


You had 12 spell levels left.
You knew the following spells:

 Your Spells              Type           Power        Failure   Level  Hunger
a - Shock                 Conj/Air       ####         1%          1    None
b - Repel Missiles        Chrm/Air       ###...       3%          2    None
c - Swiftness             Chrm/Air       ###.....     3%          2    None


Dungeon Overview and Level Annotations

Branches:
Dungeon (1/1)

Altars:
Cheibriados
Dithmenos
Elyvilon
Fedhas
Gozag
Kikubaaqudgha
Makhleb
Nemelex Xobeh
Okawaru
Pakellas
Qazlal
Ru
Sif Muna
Trog
Vehumet
Xom
Yredelemnul
Zin
The Shining One
Beogh
Jiyva
Lugonu


Message History

A red film seems to cover your vision as you go berserk!
You feel yourself moving faster!
You feel mighty! Something hits you.
* * * LOW HITPOINT WARNING * * *
Something hits you!
* * * LOW HITPOINT WARNING * * *
You feel a strong urge to attack something.
Something hits you but does no damage.
There is an open door to the Dungeon here.
Things that are here:
a shortbow; 24 arrows; a centaur corpse Something hits you.
* * * LOW HITPOINT WARNING * * *
Items here: )) †† a giant club x2; a giant frog corpse; an orc corpse You feel your anger subside.
Something barely misses you. Something hits you.
* * * LOW HITPOINT WARNING * * *
You sock something! Something hits you but does no damage.
You miss something. Something hits you.
You die... ▓▓▓▓▓▓▓▓▓▓▓▓▓▓▓▓▓▓▓▓▓▓ ____'...).[...))@†...+ ▓▓▓▓▓▓▓▓▓▓▓▓▓▓▓▓▓▓▓▓▓▓

There were no monsters in sight!

Vanquished Creatures
  A two-headed ogre (D)
  A centaur (D)
  A giant frog (D)
  A scorpion (D)
  An orc wizard (D)
  An adder (D)
  A shadow imp (D)
  An orc (D)
  A bat (D)
  A goblin (D)
  A hobgoblin (D)
  A giant gecko skeleton (D)
  A jackal zombie (D)
  2 kobolds (D)
15 creatures vanquished.

Notes
Turn   | Place    | Note
--------------------------------------------------------------
     0 | D        | rftp080 the High Elf Air Elementalist began the quest for the Orb.
     0 | D        | Reached XP level 1. HP: 11/11 MP: 4/4
     6 | D        | Reached skill level 1 in Armour
     7 | D        | Reached skill level 1 in Fighting
    61 | D        | Noticed a scorpion
    61 | D        | Noticed an orc wizard
    69 | D        | Reached XP level 2. HP: 10/18 MP: 1/7
    74 | D        | Killed a scorpion
    74 | D        | Reached skill level 5 in Air Magic
    74 | D        | Reached XP level 3. HP: 14/25 MP: 5/9
    78 | D        | Reached skill level 5 in Conjurations
    78 | D        | Reached XP level 4. HP: 9/30 MP: 1/11
    88 | D        | Found a glowing silver altar of Zin.
    88 | D        | Found a glowing golden altar of the Shining One.
    88 | D        | Found an ancient bone altar of Kikubaaqudgha.
    88 | D        | Found a basalt altar of Yredelemnul.
    88 | D        | Found a shimmering altar of Xom.
    88 | D        | Found a radiant altar of Vehumet.
    89 | D        | Found an iron altar of Okawaru.
    90 | D        | Found a burning altar of Makhleb.
    91 | D        | Found a deep blue altar of Sif Muna.
    92 | D        | Found a bloodstained altar of Trog.
    93 | D        | Found a sparkling altar of Nemelex Xobeh.
    94 | D        | Found a white marble altar of Elyvilon.
    95 | D        | Found a roughly hewn altar of Beogh.
    96 | D        | Found a viscous altar of Jiyva.
    97 | D        | Found a corrupted altar of Lugonu.
    98 | D        | Found a blossoming altar of Fedhas.
    99 | D        | Became a worshipper of Sif Muna the Loreminder
   100 | D        | Found a snail-covered altar of Cheibriados.
   101 | D        | Found a shadowy altar of Dithmenos.
   102 | D        | Found a stormy altar of Qazlal.
   103 | D        | Found an opulent altar of Gozag.
   104 | D        | Found a sacrificial altar of Ru.
   105 | D        | Found an oddly glowing altar of Pakellas.
   123 | D        | Got the +2 scimitar "Umeytog" {freeze, MP+9}
   249 | D        | Learned a level 2 spell: Repel Missiles
   252 | D        | Learned a level 2 spell: Swiftness
   269 | D        | Noticed a centaur
   269 | D        | Noticed a giant frog
   269 | D        | Noticed a two-headed ogre
   278 | D        | Killed a centaur
   278 | D        | Reached * piety under Sif Muna
   278 | D        | Reached XP level 5. HP: 28/36 MP: 4/13
   279 | D        | Reached skill level 5 in Dodging
   279 | D        | Reached skill level 5 in Spellcasting
   284 | D        | Killed a two-headed ogre
   284 | D        | Reached ** piety under Sif Muna
   284 | D        | Reached skill level 5 in Invocations
   284 | D        | Reached XP level 6. HP: 28/45 MP: 0/16
   290 | D        | HP: 2/67 [something (6)]
   292 | D        | Slain by an unseen horror

Skill      XL: |  1  2  3  4  5 |
---------------+----------------+-----
Armour         | 1 2 3 4 |  4.4
Fighting       | 1 2 3 4 |  4.8
Air Magic      | 4 5 6 7 |  7.1
Spellcasting   | 3 4 6 |  6.0
Conjurations   | 2 4 5 6 7 |  7.9
Dodging        | 3 4 6 |  6.0
Invocations    | 3 5 |  5.7
Stealth        | |  2.1

Action                   |  1- 3 |  4- 6 || total
-------------------------+-------+-------++-------
Melee: Dire flail        |       |     2 ||     2
 Cast: Shock             |    14 |    13 ||    27
       Repel Missiles    |       |     1 ||     1
  Use: Potion            |     2 |     5 ||     7
Armor: Robe              |     1 |     5 ||     6
Dodge: Dodged            |     5 |     6 ||    11
